 Dungeon Crawl Stone Soup version 0.17.1-3-g152610e (webtiles) character file.

413 Yevrel the Shield-Bearer (level 6, -3/56 HPs)
             Began as a Minotaur Fighter on Apr 5, 2016.
             Slain by an ice beast (8 damage)
             ... on level 5 of the Dungeon.
             The game lasted 00:04:45 (2179 turns).

Yevrel the Shield-Bearer (Minotaur Fighter)         Turns: 2179, Time: 00:04:45

Health: -3/56      AC:  7    Str: 28    XL:     6   Next: 59%
Magic:  5/5        EV:  9    Int:  5    God:
Gold:   108        SH: 10    Dex:  9    Spells: 0 memorised, 5 levels left

rFire  . . .     SeeInvis .     l - +0 flail (crush)
rCold  . . .     Clarity  .     b - +0 scale mail
rNeg   . . .     SustAt   .     c - +0 shield
rPois  .         Gourm    .     (helmet restricted)
rElec  .         Spirit   .     (no cloak)
rCorr  .         Warding  .     (no gloves)
rMut   .         Stasis   .     (no boots)
MR     .....                    (no amulet)
Stlth  ..........               (no ring)
                                (no ring)

@: mighty, not resistant to hostile enchantments, extremely unstealthy
A: retaliatory headbutt, horns 2
a: no special abilities


You were on level 5 of the Dungeon.
You were near starving.

You visited 1 branch of the dungeon, and saw 5 of its levels.

You collected 108 gold pieces.

Inventory:

Hand Weapons
 a - a +0 flail
 l - a +0 flail of crushing (weapon)
 m - a +3 mace
Missiles
 p - 7 javelins (quivered)
Armour
 b - a +0 scale mail (worn)
 c - a +0 shield (worn)
Scrolls
 g - a scroll of enchant armour {unknown}
 h - a scroll of remove curse {unknown}
Potions
 j - 2 potions of heal wounds {unknown}
 o - 2 potions of lignification {unknown}
 q - a potion of magic {unknown}
Comestibles
 e - 2 bread rations
 f - 2 beef jerkies
 i - 4 fruits
 k - a slice of pizza
 n - a meat ration


   Skills:
 + Level 5.0 Fighting
 + Level 4.0 Maces & Flails
 + Level 4.9 Armour
 + Level 3.2 Dodging
 + Level 0.5 Stealth
 + Level 5.5 Shields


You had 5 spell levels left.
You didn't know any spells.

Dungeon Overview and Level Annotations

Branches:
Dungeon (5/15)
 Temple: D:4-7

Altars:
Dithmenos


Innate Abilities, Weirdness & Mutations

You reflexively headbutt those who attack you in melee.
You have a pair of horns on your head.


Message History

The phantom blinks!
The phantom blinks!
The phantom blinks!
The phantom blinks!
There is an escape hatch in the floor here.
You slide downwards.
The hatch slams shut behind you.
An ice beast comes into view.
You are near starving!
The ice beast hits you but does no damage.
You open the door.
The ice beast hits you but does no damage.
You block the ice beast's attack.
There is an open door here.
You block the ice beast's attack.
Drink which item? (? for menu, Esc to quit)
You feel very mighty all of a sudden. The ice beast hits you.
* * * LOW HITPOINT WARNING * * *
The ice beast freezes you!
You die...

##.. #... #... #...
.# #... ..# #.. ..#
##..###########..##
#...@Y.............
#..................
######'####..##..##
##..###..###+##
#.............#
#.............#
#######..##..##
##+# ###


You could see an ice beast.

Vanquished Creatures
  An ogre (D:4)
  A hound (D:4)
  3 orc priests (D:3)
  A giant frog skeleton (D:4)
  A worker ant (D:4)
  An orc wizard (D:3)
  5 adders
  An ooze (D:3)
  2 worms
  4 giant geckos
  19 orcs
  A ball python (D:4)
  7 bats
  4 giant cockroaches
  2 hobgoblins
  3 jackals (D:2)
  4 quokkas
  3 giant newts (D:3)
  6 goblins
  4 kobolds
  5 rats
78 creatures vanquished.

Notes
Turn   | Place    | Note
--------------------------------------------------------------
     0 | D:1      | Yevrel the Minotaur Fighter began the quest for the Orb.
     0 | D:1      | Reached XP level 1. HP: 19/19 MP: 0/0
   143 | D:1      | You fall through a shaft!
   154 | D:2      | Reached XP level 2. HP: 22/27 MP: 1/1
   208 | D:2      | Reached skill level 4 in Fighting
   252 | D:2      | Reached XP level 3. HP: 30/33 MP: 2/2
   402 | D:2      | Reached skill level 1 in Dodging
   809 | D:3      | Reached XP level 4. HP: 40/40 MP: 3/3
   859 | D:3      | Found a shadowy altar of Dithmenos.
  1250 | D:3      | Reached XP level 5. HP: 29/47 MP: 4/4
  1405 | D:3      | Reached skill level 5 in Shields
  1878 | D:4      | Reached XP level 6. HP: 52/55 MP: 5/5
  2104 | D:4      | Noticed an ogre
  2105 | D:4      | Noticed a phantom
  2123 | D:4      | Killed an ogre
  2123 | D:4      | Reached skill level 5 in Fighting
  2140 | D:4      | HP: 1/56 [phantom (7)]
  2162 | D:5      | Entered Level 5 of the Dungeon
  2179 | D:5      | Slain by an ice beast

Action                   |  1- 3 |  4- 6 || total
-------------------------+-------+-------++-------
Melee: Flail             |    96 |   111 ||   207
  Use: Potion            |       |     1 ||     1
  Eat: Chunk             |       |     2 ||     2
       Fruit             |       |     1 ||     1
